 Dungeon Crawl Stone Soup version 0.27.1-1-g398f81649c (webtiles) character file.

Game seed: 12194738306519092232

477 MajorAdolf the Skirmisher (level 7, 0/105 HPs)
             Began as a Naga Wanderer on Sept 9, 2021.
             Slain by a yak (7 damage)
             ... on level 5 of the Dungeon.
             The game lasted 00:05:29 (3925 turns).

MajorAdolf the Skirmisher (Naga Wanderer)           Turns: 3925, Time: 00:05:30

Health: 0/105      AC: 23    Str: 20    XL:     7   Next: 11%
Magic:  16/16      EV:  1    Int: 10    God:
Gold:   76         SH:  2    Dex:  9    Spells: 6/6 levels left

rFire    . . .     SeeInvis +   a - +2 mace
rCold    . . .     Faith    .   g - +0 buckler
rNeg     + + +     Spirit   .   (armour currently unavailable)
rPois    +         Reflect  .   (helmet currently unavailable)
rElec    .         Harm     .   (cloak currently unavailable)
rCorr    .         Rampage  .   (gloves currently unavailable)
Will     .....     NoTele   +   (no barding)
Stlth    ++........             (no amulet)
HPRegen  0.27/turn              s - ring of magical power
MPRegen  0.15/turn              (no ring)

@: tree-form (expiring)
A: stationary, stasis, torment immunity, boosted hp, AC +2, large, see
invisible, (deformed body), (poison resistance), (slowness 2), spit poison 1,
(naga tail 1)
a: Spit Poison


You were on level 5 of the Dungeon.
You were a tree.
You visited 1 branch of the dungeon, and saw 5 of its levels.

You collected 76 gold pieces.

Inventory:

Hand Weapons
 a - a +2 mace (weapon)
Armour
 b - a +0 ring mail
 g - a +0 buckler (worn)
 l - a +0 troll leather armour (melded) {Purgy}
Jewellery
 s - a ring of magical power (left branch)
Wands
 p - a wand of flame (21)
 r - a wand of polymorph (11)
Scrolls
 d - a scroll of vulnerability {unknown}
 e - 2 scrolls of magic mapping {unknown}
 f - 4 scrolls of teleportation {unknown}
 h - a scroll of enchant armour {unknown}
 i - 4 scrolls of identify {unknown}
 j - a scroll of acquirement {unknown}
Potions
 k - 2 potions of mutation {unknown}
 m - a potion of haste {unknown}
 n - a potion of flight {unknown}
 o - a potion of cancellation {unknown}
 q - a potion of attraction {unknown}


   Skills:
 + Level 6.3 Fighting
 - Level 2.0 Maces & Flails
 - Level 1.0 Throwing
 - Level 3.0 Armour
 + Level 2.9 Dodging
 - Level 4.8 Stealth


You had 6 spell levels left.
You didn't know any spells.
Your spell library was empty.

Dungeon Overview and Level Annotations

Branches:
Dungeon (5/15)
 Temple: D:4-7

Altars:
Hepliaklqana
Zin
The Shining One

Annotations:
D:4 Grinder


Innate Abilities, Weirdness & Mutations

You are a tree.
Your roots penetrate the ground, keeping you stationary.
You cannot be teleported.
You are immune to unholy pain and torment.
Your maximum health is greatly increased.
Your equipment is partially melded.
((Your serpentine skin is tough. (AC +2)))
You have supernaturally acute eyesight. (SInv)
((Armour fits poorly on your strangely shaped body.))
((Your system is resistant to poisons. (rPois)))
((You cover ground very slowly.))
You can spit poison.
((You have a snake-like lower body.))


Message History

You hit the yak.
The yak is moderately wounded.
The yak gores you but does no damage.
The adder zombie bites you but does no damage.
Unknown command.
You barely miss the yak.
The yak is moderately wounded.
The yak gores you but does no damage.
The adder zombie bites you but does no damage.
The yak gores you!
* * * LOW HITPOINT WARNING * * *
The adder zombie bites you but does no damage.
You completely miss the adder zombie. The yak gores you!
* * * LOW HITPOINT WARNING * * *
The adder zombie bites you but does no damage.
You closely miss the adder zombie.
Your transformation is almost over.
The yak barely misses you.
The adder zombie bites you but does no damage.
The yak gores you.
* * * LOW HITPOINT WARNING * * *
The adder zombie bites you but does no damage.
You hit the adder zombie.
The adder zombie is lightly damaged.
The adder zombie bites you but does no damage.
The yak gores you but does no damage.
You closely miss the adder zombie.
The adder zombie is lightly damaged.
The adder zombie bites you.
* * * LOW HITPOINT WARNING * * *
The yak gores you but does no damage.
The adder zombie bites you but does no damage.
Unknown command.
You closely miss the adder zombie.
The adder zombie is lightly damaged.
The yak gores you!
* * * LOW HITPOINT WARNING * * *
The adder zombie bites you but does no damage.
The yak gores you!
You die...

### ###
.....#
#.#.######.
#.......Z..
#Z# #♣# #Y#
#.....YY#
##...l###
#.... .....
....# #...
...


You could see 3 yaks, an iguana and an adder zombie.

Vanquished Creatures
  Sigmund (D:4)
  Purgy (D:3)
  A hound (D:4)
  Jessica (D:3)
  An orc wizard (D:3)
  A hound skeleton (D:4)
  6 adders
  A worm (D:3)
  3 dart slugs
  4 orcs
  6 endoplasms
  A giant cockroach (D:3)
  3 hobgoblins
  10 jackals
  3 kobolds
  2 quokkas
  6 ball pythons
  5 bats
  4 frilled lizards
  6 goblins
  4 rats
70 creatures vanquished.

Vanquished Creatures (others)
  2 plants (D:3)
2 creatures vanquished.

Grand Total: 72 creatures vanquished

Notes
Turn   | Place    | Note
-------+----------+-------------------------------------------
     0 | D:1      | MajorAdolf the Naga Wanderer began the quest for the Orb.
     0 | D:1      | MajorAdolf set off with the following items: a +2 mace, a
                  | +0 ring mail, a potion of lignification
     0 | D:1      | Reached XP level 1. HP: 25/25 MP: 1/1
   183 | D:1      | Reached XP level 2. HP: 31/32 MP: 2/2
   540 | D:1      | Reached XP level 3. HP: 36/39 MP: 3/3
  1231 | D:2      | Found a hazy altar of Hepliaklqana.
  2040 | D:3      | Found a glowing golden altar of the Shining One.
  2111 | D:3      | Reached XP level 4. HP: 38/46 MP: 4/4
  2325 | D:3      | Reached skill level 1 in Dodging
  2508 | D:3      | Found a faded altar of an unknown god.
  2535 | D:3      | Noticed Purgy
  2553 | D:3      | Killed Purgy
  2554 | D:3      | Reached XP level 5. HP: 55/55 MP: 5/5
  2847 | D:3      | Noticed Jessica
  2859 | D:3      | Killed Jessica
  2860 | D:3      | Reached XP level 6. HP: 37/62 MP: 6/6
  3168 | D:4      | Noticed Sigmund
  3191 | D:4      | HP: 2/62 [Sigmund (12)]
  3349 | D:4      | Killed Sigmund
  3350 | D:4      | Reached skill level 6 in Fighting
  3502 | D:4      | Found a glowing silver altar of Zin.
  3531 | D:4      | Reached XP level 7. HP: 68/69 MP: 7/7
  3872 | D:4      | Noticed Grinder
  3880 | D:4      | Paralysed by Grinder for 6 turns
  3898 | D:5      | Entered Level 5 of the Dungeon
  3898 | D:5      | Noticed a yak
  3903 | D:5      | Noticed a yak
  3905 | D:5      | Noticed a yak
  3925 | D:5      | Slain by a yak

Illustrated notes

Levels and vault maps discovered:
D:1:      pf_arrival_petrified_forest, layout_loops_corners,
          minmay_misc_feat_nine_boxes
D:2:      layout_loops_corners, basic_altar
D:3:      layout_basic, lemuel_doored_altar, dilly_ecumenical_altar_fadedgnrine,
          uniq_jessica, uniq_purgy
D:4:      layout_basic, pdpol_temple_overflow_zin_treasury_gozag_greed,
          uniq_edmund, uniq_grinder, uniq_sigmund
D:5:      layout_loops_cross, grunt_temple_overflow_magic_moments,
          kennysheep_little_box, minmay_temple_entry_sparse_star

Skill      XL: |  1  2  3  4  5  6 |
---------------+-------------------+-----
Stealth        | 2 4 |  4.8
Dodging        | 1 2 |  2.9
Armour         | 2 3 |  3.0
Fighting       | 6 |  6.3
Maces & Flails | |  2.0
Throwing       | |  1.0

Action                   |  1- 3 |  4- 6 |  7- 9 || total
-------------------------+-------+-------+-------++-------
Melee: Mace              |    68 |    73 |    49 ||   190
 Abil: Spit Poison       |     8 |    17 |     1 ||    26
  Use: Potion            |       |     1 |     1 ||     2
 Stab: Sleeping          |     4 |       |       ||     4
       Distracted        |       |       |     1 ||     1
Armor: Ring mail         |    23 |     2 |       ||    25
       Skin              |       |    39 |    32 ||    71
       Troll leather arm |       |    16 |    21 ||    37
Dodge: Dodged            |    41 |    28 |    22 ||    91
Block: Buckler           |     2 |    11 |     3 ||    16
